 Dungeon Crawl Stone Soup version 0.19.5 (webtiles) character file.

3977 equalderp2856 the Gouger (level 10, -2/43 HPs)
             Began as a Felid Fighter on Mar 18, 2017.
             Slain by a wolf (12 damage)
             ... on level 2 of the Lair of Beasts.
             The game lasted 00:43:53 (16699 turns).

equalderp2856 the Gouger (Felid Fighter)           Turns: 16699, Time: 00:43:54

Health: -2/43      AC:  2    Str: 13    XL:     10   Next: 2%
Magic:  11/11      EV: 26    Int: 10    God:
Gold:   594        SH:  0    Dex: 18    Spells: 0 memorised, 9 levels left
                                        Lives:  0   Deaths: 2

rFire  . . .     SeeInvis +       - Unarmed
rCold  + . .     Gourm    .     (armour unavailable)
rNeg   . . .     Faith    .     (shield unavailable)
rPois  .         Spirit   .     (helmet unavailable)
rElec  .         Reflect  .     (cloak unavailable)
rCorr  .         Harm     .     (gloves unavailable)
MR     +....                    (boots unavailable)
Stlth  +++++.....               (no amulet)
                                (no ring)
                                n - ring of protection from cold

@: quick
A: no armour, no weapons or thrown items, stealth, claws 1, fangs 3, see
invisible, carnivore 3, speed 1, shaggy fur 2, slow metabolism 1, sharp paws
a: no special abilities


You were on level 2 of the Lair of Beasts.
You were completely stuffed.

You visited 2 branches of the dungeon, and saw 13 of its levels.
You also visited: Ossuary.

You collected 594 gold pieces.

Inventory:

Missiles
 i - 323 stones
 j - 114 sling bullets
 m - 189 arrows
Jewellery
 h - an uncursed ring of magical power {unknown}
 n - a ring of protection from cold (left paw)
 F - an uncursed amulet of the gourmand
 G - an uncursed ring of positive energy {unknown}
 O - an uncursed ring of resist corrosion {unknown}
 P - a cursed amulet of inaccuracy {unknown}
 U - a +4 ring of strength {unknown}
 Z - an uncursed ring of protection from magic {unknown}
Wands
 H - a wand of paralysis (1/24)
 J - a wand of disintegration (20/24)
 T - a wand of flame (17/48)
 V - a wand of acid (7/15)
 W - a wand of enslavement (11/24)
Scrolls
 e - 2 scrolls of blinking
 f - 4 scrolls of enchant armour
 r - a scroll of recharging
 u - a scroll of amnesia
 v - 7 scrolls of identify
 w - 2 scrolls of enchant weapon
 C - 6 scrolls of teleportation
 E - 2 scrolls of fog
 I - 2 scrolls of holy word {unknown}
 K - a scroll of acquirement {unknown}
 M - a scroll of brand weapon {unknown}
 Q - a scroll of magic mapping
 S - 2 scrolls of remove curse
 Y - a scroll of summoning {unknown}
Potions
 a - 3 potions of might
 c - 5 potions of degeneration {unknown}
 g - 2 potions of invisibility
 k - a potion of ambrosia {unknown}
 o - 2 potions of lignification {unknown}
 p - 3 potions of mutation {unknown}
 q - 3 potions of cancellation {unknown}
 t - 2 potions of haste {unknown}
 x - 3 potions of flight
 z - 5 potions of curing
 B - 2 potions of heal wounds
 D - a potion of brilliance {unknown}
 N - a potion of cure mutation {unknown}
Books
 L - a book of Power

   Spells                             Type                      Level
   a - Fulminant Prism                Conjuration/Hexes            4
   b - Iskenderun's Mystic Blast      Conjuration                  4
   c - Venom Bolt                     Conjuration/Poison           5
   d - Bolt of Magma                  Conjuration/Fire/Earth       5
   e - Iron Shot                      Conjuration/Earth            6
   f - Orb of Destruction             Conjuration                  7
   g - Spellforged Servitor           Conjuration/Summoning        7
 R - a book of Necromancy

   Spells                             Type                      Level
   a - Pain                           Necromancy                   1
   b - Animate Skeleton               Necromancy                   1
   c - Vampiric Draining              Necromancy                   3
   d - Regeneration                   Charms/Necromancy            3
   e - Animate Dead                   Necromancy                   4
   f - Control Undead                 Necromancy                   4
 X - a book of Necromancy

   Spells                             Type                      Level
   a - Pain                           Necromancy                   1
   b - Animate Skeleton               Necromancy                   1
   c - Vampiric Draining              Necromancy                   3
   d - Regeneration                   Charms/Necromancy            3
   e - Animate Dead                   Necromancy                   4
   f - Control Undead                 Necromancy                   4
Comestibles
 b - 3 meat rations
 d - 2 fruits
 l - 5 beef jerkies
 s - a slice of pizza
 y - a royal jelly
 A - 2 bread rations


   Skills:
 + Level 4.7 Fighting
 + Level 9.8 Dodging
 + Level 10.6 Stealth
 + Level 13.6 Unarmed Combat
 + Level 0.4 Evocations


You had 9 spell levels left.
You didn't know any spells.

Dungeon Overview and Level Annotations

Branches:
Dungeon (11/15)            Temple (0/1) D:5            Lair (2/6) D:11
    Orc (0/2) D:9
  Swamp: Lair:2-4    Shoals: Lair:2-4     Snake: Lair:2-4    Spider: Lair:2-4

Altars:
Fedhas
Kikubaaqudgha
Nemelex Xobeh
Qazlal
Sif Muna
Trog
Uskayaw
Vehumet
Xom

Annotations:
D:4 Eustachio
D:8 Grum
D:11 Gastronok


Innate Abilities, Weirdness & Mutations

You cannot wear armour.
You are incapable of wielding weapons or throwing items.
Your paws allow you to move quietly. (Stealth)
You have sharp claws.
You have razor-sharp teeth.
You have supernaturally acute eyesight. (SInv)
You are carnivorous and can eat meat at any time.
You cover ground quickly.
You are covered in thick fur. (AC +2)
You have a slow metabolism.
Your sharp claws are effective at attacking unaware monsters.


Message History

The wolf completely misses you.
You see here 4 chunks of flesh.
The wolf completely misses you. The wolf closely misses you.
The wolf misses you. The wolf closely misses you.
The wolf completely misses you.
A porcupine comes into view.
The wolf closely misses you. The wolf bites you! The wolf barely misses you.
The wolf closely misses you. The wolf misses you.
The wolf completely misses you. The wolf bites you!
The wolf completely misses you. The wolf bites you! The wolf barely misses you.
The wolf bites you!
* * * LOW HITPOINT WARNING * * *
There is a stone staircase leading up here.
The wolf bites you!
You die...

...#### #........#. ....#.#
#.......#.# .....## #.........#
P#....## ##.......# ####...####
#....##P# # ##...#÷## #.....# #
# ##.....###### ##....####
#######...#.....#####........##
............÷...@h.r...........
.................h............(
.............÷.................
...............................
...............................
P#..#.#...###P.##.#.......P#.!#
##.###...## ####÷#####(.....#
#####...## ## #.......### ...##
##........#


You could see 2 wolves and a porcupine.

Vanquished Creatures
  A hydra (D:11)
  A hill giant (D:10)
  2 rime drakes
  A troll (D:10)
  Prince Ribbit (D:9)
  A hog (D:7)
  4 yaks (D:10)
  A hungry ghost (D:10)
  A steam dragon (D:10)
  4 water moccasins
  4 sky beasts
  An ice beast (D:5)
  A hornet zombie (D:7)
  2 orc warriors
  An eye of draining (D:9)
  A phantom (D:10)
  9 ogres
  4 centaurs
  3 crocodiles
  A big kobold (D:5)
  9 bullfrogs
  4 elf zombies (Ossuary)
  2 scorpions
  5 wights (D:10)
  6 centaur zombies
  A crimson imp (D:7)
  A quasit (D:6)
  8 hounds
  3 centaur skeletons
  4 human zombies
  3 jellies
  An orc priest (D:10)
  2 bullfrog skeletons
  3 bullfrog zombies
  4 iguanas
  Terence (D:3)
  6 orc wizards
  9 worker ants
  2 hound skeletons (D:6)
  3 mummies (Ossuary)
  5 adders
  An ooze (D:3)
  An adder skeleton (D:9)
  3 worms
  A dart slug (D:3)
  4 leopard geckos
  23 orcs
  2 giant cockroaches
  8 goblins
  3 hobgoblins
  7 jackals
  10 quokkas
  A ball python (D:2)
  10 bats
  5 frilled lizards
  A giant cockroach zombie (D:5)
  11 kobolds
  2 leopard gecko zombies
  8 rats
  2 fungi (D:11)
229 creatures vanquished.

Vanquished Creatures (others)
  An orc wizard (D:6)
  A fungus (Lair:2)
2 creatures vanquished.

Grand Total: 231 creatures vanquished

Notes
Turn   | Place    | Note
-------+----------+-------------------------------------------
     0 | D:1      | equalderp2856 the Felid Fighter began the quest for the Orb.
     0 | D:1      | Reached XP level 1. HP: 10/10 MP: 2/2
   424 | D:1      | Reached XP level 2. HP: 14/14 MP: 3/3
  1222 | D:2      | Noticed a water elemental
  1226 | D:2      | Found a stormy altar of Qazlal.
  1230 | D:2      | Noticed an air elemental
  1233 | D:2      | Noticed an earth elemental
  1233 | D:2      | Noticed a fire elemental
  1262 | D:2      | Reached skill level 1 in Stealth
  1306 | D:2      | Reached XP level 3. HP: 12/17 MP: 4/4
  1474 | D:2      | Found a hide-covered altar of Uskayaw.
  2348 | D:3      | Noticed Terence
  2454 | D:4      | Found a shimmering altar of Xom.
  2454 | D:4      | Found a bloodstained altar of Trog.
  2459 | D:4      | Reached XP level 4. HP: 18/21 MP: 5/5
  2560 | D:4      | Reached skill level 5 in Unarmed Combat
  2876 | D:4      | Found a sparkling altar of Nemelex Xobeh.
  3664 | D:4      | Reached XP level 5. HP: 19/24 MP: 6/6
  3841 | D:4      | Found a radiant altar of Vehumet.
  3848 | D:4      | Reached skill level 5 in Dodging
  4144 | D:4      | Reached skill level 6 in Unarmed Combat
  4144 | D:4      | Gained mutation: You are covered in thick fur. (AC +2) [Felid growth]
  4144 | D:4      | Reached XP level 6. HP: 21/28 MP: 7/7
  4459 | D:3      | Killed Terence
  4913 | D:4      | Reached XP level 7. HP: 31/31 MP: 8/8
  4959 | D:4      | Reached skill level 7 in Unarmed Combat
  5370 | D:5      | Entered Level 5 of the Dungeon
  5621 | D:5      | Found a staircase to the Ecumenical Temple.
  5700 | D:5      | Noticed Eustachio
  6091 | D:5      | Reached skill level 5 in Stealth
  6949 | D:5      | Reached skill level 8 in Unarmed Combat
  7362 | D:6      | Reached XP level 8. HP: 36/36 MP: 9/9
  7421 | D:6      | Found a sand-covered staircase.
  7443 | Ossuary  | Entered an ossuary
  7725 | Ossuary  | Reached skill level 9 in Unarmed Combat
  8410 | D:6      | Reached skill level 10 in Unarmed Combat
  8872 | D:7      | Reached XP level 9. HP: 39/39 MP: 10/10
 10070 | D:7      | Reached skill level 11 in Unarmed Combat
 10502 | D:8      | Noticed Grum
 11036 | D:8      | Found an ancient bone altar of Kikubaaqudgha.
 11037 | D:8      | Found a blossoming altar of Fedhas.
 11087 | D:8      | Found a deep blue altar of Sif Muna.
 11672 | D:9      | Found a staircase to the Orcish Mines.
 11730 | D:9      | Noticed Prince Ribbit
 11740 | D:9      | Killed Prince Ribbit
 11897 | D:9      | Noticed a hill giant
 12833 | D:10     | Entered Level 10 of the Dungeon
 12921 | D:10     | Reached XP level 10. HP: 43/43 MP: 11/11
 13655 | D:10     | Reached skill level 12 in Unarmed Combat
 13901 | D:10     | Noticed a hill giant
 14542 | D:10     | Killed a hill giant
 14751 | D:10     | Killed from afar by an electric eel
 14752 | D:10     | Reached XP level 9. HP: 0/39 MP: 10/10
 15662 | D:11     | Noticed Gastronok
 15703 | D:11     | Killed from afar by Gastronok
 15704 | D:11     | Reached XP level 8. HP: -11/36 MP: 9/9
 15704 | D:11     | Found a staircase to the Lair.
 15704 | D:11     | Noticed a six-headed hydra
 15707 | D:11     | Killed a six-headed hydra
 15707 | D:11     | Reached skill level 10 in Stealth
 15707 | D:11     | Reached skill level 13 in Unarmed Combat
 15707 | D:11     | Reached XP level 9. HP: 39/39 MP: 10/10
 15822 | D:11     | Noticed a hill giant
 15847 | Lair:1   | Entered Level 1 of the Lair of Beasts
 15956 | Lair:1   | Noticed a komodo dragon
 16054 | Lair:1   | Noticed a rime drake
 16070 | Lair:1   | Killed a rime drake
 16276 | Lair:1   | Noticed a six-headed hydra
 16325 | Lair:2   | Noticed a rime drake
 16329 | Lair:2   | Killed a rime drake
 16550 | Lair:2   | Reached XP level 10. HP: 42/43 MP: 11/11
 16699 | Lair:2   | Slain by a wolf

Skill      XL: |  1  2  3  4  5  6  7  8  9 10 |
---------------+-------------------------------+-----
Stealth        | 1 2 3 4 5 10 8 9 | 10.6
Unarmed Combat | 5 6 8 13 11 12 | 13.6
Dodging        | 5 6 7 8 9 |  9.8
Fighting       | 4 |  4.7
Evocations     | |  0.4

Action                   |  1- 3 |  4- 6 |  7- 9 | 10-12 || total
-------------------------+-------+-------+-------+-------++-------
Melee: Unarmed           |   100 |   113 |   603 |    92 ||   908
       Bite              |    11 |    11 |    86 |    14 ||   122
       Punch             |       |     3 |    32 |     4 ||    39
Evoke: Wand              |       |       |     1 |     2 ||     3
  Use: Scroll            |       |    10 |     7 |       ||    17
       Potion            |       |     2 |     1 |       ||     3
 Stab: Sleeping          |     5 |     3 |    25 |     4 ||    37
       Distracted        |       |       |     5 |     1 ||     6
       Paralysed         |       |       |       |     1 ||     1
  Eat: Chunk             |    10 |     3 |    17 |     5 ||    35
Armor: Skin              |    14 |     6 |    20 |     1 ||    41
Dodge: Dodged            |    92 |    92 |   416 |    65 ||   665
